 Dungeon Crawl Stone Soup version 0.26.0-7-g794d0892b4 (webtiles) character file.

Game seed: 10934396051973535867

318 jackrogers the Skirmisher (level 6, -8/61 HPs)
             Began as an Ogre Hunter on Jan 12, 2021.
             Mangled by a two-headed ogre
             ... wielding a cursed -1 giant club
              (21 damage)
             ... on level 4 of the Dungeon.
             The game lasted 00:07:04 (4969 turns).

jackrogers the Skirmisher (Ogre Hunter)             Turns: 4969, Time: 00:07:05

Health: -8/61      AC:  4    Str: 19    XL:     6   Next: 45%
Magic:  6/6        EV: 10    Int: 12    God:
Gold:   163        SH:  0    Dex:  7    Spells: 5/5 levels left

rFire    . . .     SeeInvis .   h - +2 battleaxe (flame)
rCold    . . .     Faith    .   (shield currently unavailable)
rNeg     . . .     Spirit   .   b - +0 robe
rPois    .         Reflect  .   (helmet restricted)
rElec    .         Harm     .   n - +0 cloak
rCorr    .         Rampage  .   (gloves unavailable)
Will     .....                  (boots unavailable)
Stlth    +.........             (no amulet)
HPRegen  0.00/turn              (no ring)
MPRegen  0.10/turn              (no ring)

@: no status effects
A: large, unfitting armour, horns 1, clumsy 1, frail 1, inhibited regeneration,
tough skin 1
a: no special abilities


You were on level 4 of the Dungeon.
You visited 1 branch of the dungeon, and saw 4 of its levels.

You collected 163 gold pieces.

Inventory:

Hand Weapons
 a - a +1 short sword
 g - a +2 trident of flaming
   (You took it off an orc on level 4 of the Dungeon)
 h - a +2 battleaxe of flaming (weapon)
   (You found it on level 4 of the Dungeon)
 l - a +0 whip
   (You found it on level 1 of the Dungeon)
 o - a +0 mace of protection
   (You took it off Terence on level 2 of the Dungeon)
Missiles
 c - 2 large rocks (quivered) {!d}
 d - 2 throwing nets {=f, !d}
 f - 114 stones
Armour
 b - a +0 robe (worn)
 n - a +0 cloak (worn)
   (You found it on level 2 of the Dungeon)
Jewellery
 j - an uncursed ring of protection from cold {unknown}
   (You found it on level 4 of the Dungeon)
 q - an uncursed ring of fire {rF+, rC-}
   (You found it on level 2 of the Dungeon)
Wands
 k - a wand of iceblast (4)
   (You found it on level 4 of the Dungeon)
Scrolls
 e - 5 scrolls of identify
 i - a scroll of remove curse
 m - 4 scrolls of teleportation
 r - a scroll of enchant weapon


   Skills:
 - Level 6.6 Fighting
 + Level 3.6 Maces & Flails
 - Level 4.0 Throwing
 - Level 1.7 Dodging
 - Level 0.6 Stealth


You had 5 spell levels left.
You didn't know any spells.
Your spell library was empty.

Dungeon Overview and Level Annotations

Branches:
Dungeon (4/15)
 Temple: D:4-7

Altars:
Dithmenos
The Shining One


Innate Abilities, Weirdness & Mutations

You are too large for most types of armour.
You have tough skin. (AC +1)
You have a pair of small horns on your head.
You are clumsy. (Dex -2)
You are frail. (-10% HP)
You do not regenerate when monsters are visible.


Message History

The hiss of flowing sand is almost imperceptible now.
The walls and floor vibrate strangely for a moment.
Found a stone staircase leading down.
Unknown command.
You see here 18 arrows.
j - a wooden ring
Found a stone staircase leading up.
You now have 146 gold pieces (gained 7).
A frilled lizard comes into view.
A frilled lizard is nearby!
The frilled lizard bites you.
You barely miss the frilled lizard.
Your headbutt misses the frilled lizard.
The frilled lizard completely misses you.
You barely miss the frilled lizard.
Your headbutt misses the frilled lizard.
The frilled lizard misses you. x2
You slash the frilled lizard! You burn the frilled lizard.
You kill the frilled lizard!
An adder comes into view.
The adder hisses angrily.
An iguana comes into view.
You see here a frilled lizard corpse.
There are monsters nearby!
The iguana hisses angrily.
The adder closely misses you.
You hit the adder but do no damage. The adder bites you.
You are poisoned.
The adder poisons you! The adder bites you but does no damage.
You miss the adder.
You headbutt the adder, but do no damage.
You hit the iguana. You burn the iguana.
You feel sick. The adder barely misses you. The iguana closely misses you.
The adder closely misses you.
The iguana bites you but does no damage.
You barely miss the adder. Your headbutt misses the adder.
You closely miss the iguana. The adder barely misses you. The adder bites you.
The iguana bites you. The adder bites you.
Unknown command.
You closely miss the iguana.
You headbutt the iguana, but do no damage.
You miss the adder.
You feel sick. The iguana closely misses you. The adder barely misses you.
The iguana barely misses you. The adder bites you but does no damage.
You hit the iguana but do no damage. You hit the adder. You burn the adder.
The adder bites you but does no damage.
The iguana bites you but does no damage.
The adder barely misses you.
Unknown command.
You closely miss the iguana. You slash the adder! You burn the adder.
You kill the adder!
You feel sick. The iguana barely misses you. x2
You barely miss the iguana. The iguana barely misses you.
The iguana closely misses you.
You slash the iguana! You burn the iguana.
You kill the iguana!
You feel sick.
You start resting.
You feel sick.
You are no longer poisoned.
You now have 163 gold pieces (gained 17).
k - a wand of iceblast (5)
A two-headed ogre comes into view.
It is wielding a -1 giant club and a +0 giant club.
The two-headed ogre shouts in stereo!
Spoiler Alert: The two-headed ogre can hit for high damage in melee!
A two-headed ogre is nearby!
Spoiler Alert: The two-headed ogre can hit for high damage in melee!
A two-headed ogre is nearby!
Spoiler Alert: The two-headed ogre can hit for high damage in melee!
Okay, then.
Spoiler Alert: The two-headed ogre can hit for high damage in melee!
Spoiler Alert: The two-headed ogre can hit for high damage in melee!
Throw: 5 large rocks {!d}
Aim: a two-headed ogre, wielding a -1 giant club and a +0 giant club You throw a large rock {!d}.
The large rock {!d} hits the two-headed ogre!
Spoiler Alert: The two-headed ogre can hit for high damage in melee!
Aim: a two-headed ogre, wielding a -1 giant club and a +0 giant club (moderately wounded)
The mass of ice explodes!
The iceblast engulfs the two-headed ogre!
Spoiler Alert: The two-headed ogre can hit for high damage in melee!
Spoiler Alert: The two-headed ogre can hit for high damage in melee!
Spoiler Alert: The two-headed ogre can hit for high damage in melee!
Spoiler Alert: The two-headed ogre can hit for high damage in melee!
Spoiler Alert: The two-headed ogre can hit for high damage in melee!
Throw: 4 large rocks {!d}
Aim: a two-headed ogre, wielding a -1 giant club and a +0 giant club (heavily wounded)
You throw a large rock {!d}.
The large rock {!d} hits the two-headed ogre.
The two-headed ogre hits you with a cursed -1 giant club!
The two-headed ogre hits you with a +0 giant club!!
Spoiler Alert: The two-headed ogre can hit for high damage in melee!
Throw: 3 large rocks {!d}
Aim: a two-headed ogre, wielding a -1 giant club and a +0 giant club (heavily wounded)
You throw a large rock {!d}.
The large rock {!d} hits the two-headed ogre!!
The two-headed ogre hits you with a cursed -1 giant club!
* * * LOW HITPOINT WARNING * * *
The two-headed ogre hits you with a +0 giant club!!
You die...

#†# (.# #.## #.# #.#
##..##... #.# # #.# ##.#..#
#.######.#.# #.# #...#.#
#..........# #.# #.#...#
#.......#### #.# #.#.##
#....†..# ## #.# #.###
#.......# #. #.# #.O.#
#.......# #. #.# ##.@#
#.......#####. #.#
#..###....#..##.... #.#
#........###....... #(#
##.#.##..###..##... #.#
#.#.###..#..###.#. #.#
#.#..##.....##..#. ###.#
#####................. #...#
#...#..##.........##..
#.######.#.#.####..._...####.


You could see a two-headed ogre.

Vanquished Creatures
  A scorpion (D:4)
  An iguana (D:4)
  2 orc wizards (D:3)
  A worker ant (D:4)
  Terence (D:2)
  3 gnolls (D:2)
  6 adders
  3 worms
  A dart slug (D:2)
  2 leopard geckos
  4 orcs
  3 giant cockroaches
  5 goblins
  8 hobgoblins
  6 bats
  3 frilled lizards
  A jackal skeleton (D:4)
  5 kobolds
  7 rats
63 creatures vanquished.

Notes
Turn   | Place    | Note
-------+----------+-------------------------------------------
     0 | D:1      | jackrogers the Ogre Hunter began the quest for the Orb.
     0 | D:1      | Reached XP level 1. HP: 22/22 MP: 1/1
    93 | D:1      | Reached skill level 3 in Fighting
   284 | D:1      | Reached XP level 2. HP: 20/32 MP: 2/2
   548 | D:1      | Reached skill level 4 in Fighting
   551 | D:1      | HP: 8/32 [bat (1)]
  1282 | D:2      | Reached XP level 3. HP: 25/40 MP: 3/3
  1665 | D:2      | Reached skill level 5 in Fighting
  1938 | D:2      | Reached XP level 4. HP: 45/50 MP: 4/4
  1951 | D:2      | Reached skill level 6 in Fighting
  2205 | D:2      | Noticed Terence
  2212 | D:2      | Killed Terence
  2553 | D:2      | Reached XP level 5. HP: 61/61 MP: 5/5
  3250 | D:3      | Reached skill level 1 in Maces & Flails
  3541 | D:3      | HP: 12/61 [something (5)]
  3545 | D:3      | HP: 4/61 [something (2)]
  3548 | D:3      | Gained mutation: You are clumsy. (Dex -2) [potion of
                  | mutation]
  3548 | D:3      | Gained mutation: You are frail. (-10% HP) [potion of
                  | mutation]
  3548 | D:3      | Gained mutation: You do not regenerate when monsters are
                  | visible. [potion of mutation]
  3548 | D:3      | Gained mutation: You have a pair of small horns on your
                  | head. [potion of mutation]
  3567 | D:3      | Reached skill level 2 in Maces & Flails
  4114 | D:4      | Found a shadowy altar of Dithmenos.
  4191 | D:4      | Found a glowing golden altar of the Shining One.
  4245 | D:4      | Reached skill level 3 in Maces & Flails
  4245 | D:4      | Reached XP level 6. HP: 36/61 MP: 6/6
  4474 | D:4      | HP: 13/61 [worker ant (3)]
  4479 | D:4      | HP: 9/61 [worker ant (4)]
  4961 | D:4      | Noticed a two-headed ogre
  4969 | D:4      | HP: 13/61 [two-headed ogre/cursed -1 giant club (9)]
  4969 | D:4      | Mangled by a two-headed ogre

Illustrated notes

Levels and vault maps discovered:
D:1:      lightli_arrival_chessboard, layout_basic
D:2:      layout_basic, uniq_terence
D:3:      layout_basic, minmay_overflow_temple_star_quad
D:4:      layout_basic, marbit_many_paths, nicolae_overflow_hidden_temple,
          lemuel_crystal_altar, nicolae_ossuary_entry_plus,
          nicolae_dithmenos_shadow_blocks

Skill      XL: |  1  2  3  4  5 |
---------------+----------------+-----
Fighting       | 3 4 5 6 |  6.6
Maces & Flails | 3 |  3.6
Throwing       | |  4.0
Dodging        | |  1.7
Stealth        | |  0.6

Action                   |  1- 3 |  4- 6 || total
-------------------------+-------+-------++-------
Melee: Short sword       |    86 |    24 ||   110
       Mace              |       |   132 ||   132
       Headbutt          |       |     8 ||     8
       Battleaxe         |       |    11 ||    11
Throw: Large rock        |     3 |     9 ||    12
       Stone             |    24 |    74 ||    98
Evoke: Wand              |       |     1 ||     1
  Use: Scroll            |     4 |     4 ||     8
       Potion            |       |     8 ||     8
 Stab: Sleeping          |     1 |       ||     1
Armor: Robe              |    36 |    65 ||   101
       Skin              |       |    15 ||    15
Dodge: Dodged            |    55 |    88 ||   143

Table legend: (Time is in decaauts)
 A = Elapsed time spent in this place.
 B = Non-inter-level travel time spent in this place.
 C = Inter-level travel time spent in this place.
 D = Time resting spent in this place.
 E = Time spent auto-exploring this place.
 F = Levels seen in this place.
 G = Mean time per level.
                   A        B        C        D        E       F      G
               +--------+--------+--------+--------+--------+-----+--------+
         Total |   5007 |   4896 |    111 |   1427 |   2786 |   4 | 1251.8 |
       Dungeon |   5007 |   4896 |    111 |   1427 |   2786 |   4 | 1251.8 |
               +--------+--------+--------+--------+--------+-----+--------+

Top non-repeatable levels by time:
     D:2: 1876 daAuts
     D:1: 1280 daAuts
     D:3: 966 daAuts
     D:4: 883 daAuts

Table legend:
 A = Kills in this place as a percentage of kills in entire the game.
 B = Kills by you in this place as a percentage of kills by you in the entire game.
 C = Kills by friends in this place as a percentage of kills by friends in the entire game.
 D = Other kills in this place as a percentage of other kills in the entire game.
 E = Experience gained in this place as a percentage of experience gained in the entire game.
 F = Experience gained in this place divided by the number of levels of this place that you have seen.
                   A       B       C       D       E      F
               +-------+-------+-------+-------+-------+----------------------
         Total | 100.0 | 100.0 |   N/A |   N/A | 100.0 | 113.8
       Dungeon | 100.0 | 100.0 |   N/A |   N/A | 100.0 | 113.8
               +-------+-------+-------+-------+-------+----------------------
